[Event "fics rated crazyhouse match"]
[Site "fics, Oklahoma City, OK USA"]
[Date "2001.02.21"]
[White "Blackcomb"]
[WhiteElo "2206"]
[Black "RFrancisco"]
[BlackElo "2390"]
[TimeControl "180+0"]
[Result "0-1"]

1. e4 Nf6 2. e5 Ne4 3. f3 Nc5 4. d4 Ne6 5. Be3 d6 6. exd6 
exd6 7. Bb5+ Bd7 8. Bxd7+ Nxd7 9. Nh3 Be7 10. O-O O-O 11. Nd2 c5 
12. dxc5 dxc5 13. Ne4 P@d4 14. Bc1 B@e3+ 15. P@f2 Bxc1 16. Rxc1 B@f5 17. P@d6 
Bxd6 18. Nxd6 Bxh3 19. gxh3 P@g2 20. B@g3 gxf1=Q+ 21. Qxf1 P@f4 22. B@h4 fxg3 
23. Bxd8 gxf2+ 24. Qxf2 B@e3 25. Q@g2 Bxf2+ 26. Kh1 R@g6 27. P@g4 Nf4 28. P@e7 
Nxg2 29. exf8=Q+ Nxf8 30. B@e5 Nh4 31. B@g2 Nxg2 32. Nxf7 Nh4 33. R@h8+ Kxf7 
34. Rxf8+ Kxf8 35. P@e7+ Kf7 36. N@h8+ Ke6 37. e8=Q+ Kd5 38. Qd7+ N@d6 39. c4+ 
dxc3 40. Rd1+ P@d2 41. Rxd2+ cxd2 42. P@e4+ Kc4 43. b3+ Kd3 44. Qb5+ P@c4 
45. Qxc4+ Nxc4 46. P@e2+ Kxe2 
{Blackcomb forfeits on time} 0-1

[Event "fics rated crazyhouse match"]
[Site "fics, Oklahoma City, OK USA"]
[Date "2001.02.21"]
[White "RFrancisco"]
[WhiteElo "2394"]
[Black "Blackcomb"]
[BlackElo "2202"]
[TimeControl "180+0"]
[Result "1-0"]

1. e4 e5 2. Nf3 Nc6 3. Bc4 Bc5 4. O-O Nf6 5. b4 Bb6 6. b5 
O-O 7. bxc6 Nxe4 8. cxb7 Nxf2 9. Rxf2 Bxf2+ 10. Kxf2 Bxb7 11. Ba3 d6 
12. B@h4 P@f6 13. N@f5 Bxf3 14. Qxf3 Qd7 15. P@e7 d5 16. exf8=Q+ Rxf8 17. N@h6+ 
Kh8 18. Bxf6 R@g6 19. Bxf8 N@e8 20. R@g8# 
{Blackcomb checkmated} 1-0

[Event "fics rated crazyhouse match"]
[Site "fics, Oklahoma City, OK USA"]
[Date "2001.02.21"]
[White "Blackcomb"]
[WhiteElo "2198"]
[Black "RFrancisco"]
[BlackElo "2398"]
[TimeControl "180+0"]
[Result "1-0"]

1. e4 e5 2. Nf3 Nc6 3. Bc4 Bc5 4. Nc3 Nf6 5. d3 O-O 6. O-O 
d6 7. Bg5 Bg4 8. Nd5 Nxd5 9. Bxd8 Nf4 10. Bxf7+ Kh8 11. P@e7 Nxe7 
12. Bxe7 Rxf7 13. Ng5 N@e2+ 14. Kh1 Rxe7 15. N@f7+ Rxf7 16. Nxf7+ Kg8 17. Qxe2 
P@f3 18. R@h8+ Kxf7 19. N@g5+ Kg6 20. Nxf3 B@h3 21. P@f5+ Kf7 22. Ng5+ Kf6 
23. Nxh3 Bxh3 24. B@h4+ Kf7 25. Q@e7# 
{RFrancisco checkmated} 1-0

[Event "fics rated crazyhouse match"]
[Site "fics, Oklahoma City, OK USA"]
[Date "2001.02.21"]
[White "RFrancisco"]
[WhiteElo "2386"]
[Black "Blackcomb"]
[BlackElo "2210"]
[TimeControl "180+0"]
[Result "1-0"]

1. e4 e5 2. Nf3 Nc6 3. Bc4 Bc5 4. O-O Nf6 5. b4 Bb6 6. b5 
O-O 7. bxc6 Nxe4 8. cxb7 Nxf2 9. Rxf2 Bxf2+ 10. Kxf2 Bxb7 11. Ba3 Bxf3 
12. Qxf3 Qg5 13. N@h3 Qh4+ 14. B@g3 N@g4+ 15. Kg1 P@f2+ 16. Nxf2 R@e1+ 17. B@f1 
Nxh2 18. Bxh4 Nxf3+ 19. gxf3 P@h2+ 20. Kxh2 Q@f4+ 21. P@g3 Qxf3 22. N@h6+ Kh8 
23. P@f6 Qxf2+ 24. Q@g2 Qxg2+ 25. Bxg2 N@f3+ 26. Bxf3 Q@g1+ 27. Kh3 Qxg3+ 28. Bxg3 
{Blackcomb forfeits on time} 1-0

[Event "fics rated crazyhouse match"]
[Site "fics, Oklahoma City, OK USA"]
[Date "2001.02.21"]
[White "Blackcomb"]
[WhiteElo "2206"]
[Black "RFrancisco"]
[BlackElo "2390"]
[TimeControl "180+0"]
[Result "0-1"]

1. e4 Nf6 2. e5 Ne4 3. f3 Nc5 4. d4 Ne6 5. Be3 d6 6. exd6 
exd6 7. Bb5+ Bd7 8. Bxd7+ Nxd7 9. Nh3 Be7 10. O-O O-O 11. d5 B@c5 
12. dxe6 Bxe3+ 13. P@f2 Bxf2+ 14. Nxf2 fxe6 15. B@h3 P@f5 16. Bxf5 exf5 17. B@e6+ 
B@f7 18. Bxf5 B@g6 19. P@g4 P@e3 20. Nh3 Ne5 21. P@e6 Bxf5 22. exf7+ Rxf7 
23. gxf5 P@f2+ 24. Nxf2 exf2+ 25. Rxf2 B@e3 26. B@g3 P@f4 27. B@e6 fxg3 28. Bxf7+ 
Nxf7 29. hxg3 B@b6 30. P@g6 Bxf2+ 31. Kh1 R@h2+ 32. Kxh2 Bxg3+ 33. Kxg3 Bh4+ 
34. Kh3 N@f2+ 35. Kh2 P@g3+ 36. Kg1 Nxd1# 
{Blackcomb resigns} 0-1

[Event "fics rated crazyhouse match"]
[Site "fics, Oklahoma City, OK USA"]
[Date "2001.02.21"]
[White "RFrancisco"]
[WhiteElo "2394"]
[Black "Blackcomb"]
[BlackElo "2202"]
[TimeControl "180+0"]
[Result "1-0"]

1. e4 e5 2. Nf3 Nc6 3. Bc4 Bc5 4. O-O Nf6 5. b4 Bb6 6. b5 
O-O 7. bxc6 Nxe4 8. cxb7 Nxf2 9. Rxf2 Bxf2+ 10. Kxf2 Bxb7 11. Ba3 d6 
12. B@h4 P@f6 13. N@f5 d5 14. P@e7 Qd7 15. exf8=Q+ Rxf8 16. Bxf8 Qxf5 17. N@e7+ 
Kxf8 18. Nxf5 N@g4+ 19. Kg1 B@c5+ 20. d4 R@g8 21. Q@d8# 
{Blackcomb checkmated} 1-0

[Event "fics rated crazyhouse match"]
[Site "fics, Oklahoma City, OK USA"]
[Date "2001.02.21"]
[White "Blackcomb"]
[WhiteElo "2198"]
[Black "RFrancisco"]
[BlackElo "2398"]
[TimeControl "180+0"]
[Result "1/2-1/2"]

1. e4 Nf6 2. e5 Ne4 3. f3 Nc5 4. d4 Ne6 5. Be3 d6 6. exd6 
exd6 7. Bb5+ Bd7 8. Bxd7+ Nxd7 9. Nh3 Be7 10. O-O O-O 11. Nc3 c5 
12. d5 B@d4 13. dxe6 Bxe3+ 14. P@f2 Bxf2+ 15. Nxf2 fxe6 16. B@h3 P@f5 17. B@b3 
P@f7 18. Nd3 B@d4+ 19. N@f2 Bxc3 20. bxc3 N@e3 21. Qe2 Nxf1 22. Rxf1 Bf6 
23. Nf4 Ne5 24. Nxe6 fxe6 25. Bxe6+ P@f7 26. Bexf5 R@g5 27. P@h4 Rxf5 28. Bxf5 
Bxh4 29. P@g3 Bxg3 30. hxg3 P@f4 31. P@h2 fxg3 32. hxg3 P@f4 33. P@h2 fxg3 
34. hxg3 P@f4 35. P@h2 fxg3 
{Game drawn by mutual agreement} 1/2-1/2

[Event "fics rated crazyhouse match"]
[Site "fics, Oklahoma City, OK USA"]
[Date "2001.02.21"]
[White "RFrancisco"]
[WhiteElo "2394"]
[Black "Blackcomb"]
[BlackElo "2202"]
[TimeControl "180+0"]
[Result "0-1"]

1. e4 e5 2. Nf3 Nc6 3. Bc4 Bc5 4. O-O Nf6 5. b4 Bxb4 6. c3 
Be7 7. d4 exd4 8. e5 O-O 9. exf6 Bxf6 10. cxd4 P@e4 11. Ne5 d5 
12. Bxd5 Qxd5 13. Nxc6 bxc6 14. P@g5 Bxg5 15. N@e5 N@f3+ 16. gxf3 exf3 17. Bxg5 
Qxe5 18. Qxf3 Qxg5+ 19. B@g2 N@h4 20. Qg3 P@g4 21. P@f4 Qe7 22. P@g5 Nxg2 
23. N@f6+ gxf6 24. N@h6+ Kh8 25. Qxg2 N@e2+ 26. Kh1 B@f3 27. N@e3 Bxg2+ 28. Nxg2 
P@f3 
{RFrancisco resigns} 0-1

[Event "fics rated crazyhouse match"]
[Site "fics, Oklahoma City, OK USA"]
[Date "2001.02.21"]
[White "Blackcomb"]
[WhiteElo "2214"]
[Black "RFrancisco"]
[BlackElo "2382"]
[TimeControl "180+0"]
[Result "0-1"]

1. e4 Nf6 2. e5 Ne4 3. f3 Nc5 4. d4 Ne6 5. Be3 d6 6. exd6 
exd6 7. Bb5+ Bd7 8. Bxd7+ Nxd7 9. Nh3 Be7 10. O-O O-O 11. Nc3 c6 
12. P@f5 Nxd4 13. Bxd4 P@e5 14. Bf2 B@d4 15. Bxd4 exd4 16. Qxd4 B@c5 17. Qxc5 
Nxc5 18. B@f2 Bf6 19. N@h5 P@g6 20. Nxf6+ Qxf6 21. fxg6 Qxg6 22. Bxc5 dxc5 
23. N@e7+ Kh8 24. Nxg6+ fxg6 25. P@e7 Rfe8 26. P@f7 Rxe7 27. B@e8 B@d4+ 28. B@f2 
Raxe8 29. fxe8=Q+ Rxe8 30. Bxd4 cxd4 31. B@f7 Rf8 32. Bxg6 dxc3 33. Q@d3 N@e5 
34. P@e7 B@c5+ 35. B@f2 Bxe7 36. Qe4 Nxg6 37. R@d7 B@d5 38. Rxe7 Bxe4 39. Rxe4 
cxb2 40. Rae1 Q@g8 41. B@h5 B@f7 42. Bxg6 Bxg6 43. N@h4 B@f7 44. Nxg6+ Bxg6 
45. Nf4 P@f7 46. Nxg6+ fxg6 47. B@c3 N@f5 48. Bxg7+ Nxg7 49. P@g3 B@f6 50. B@h3 
N@g5 51. B@d3 Nxh3+ 52. gxh3 B@b6 53. N@g2 Bxf2+ 54. Rxf2 N@c5 55. B@h1 Nxe4 
56. Rxe4 N@c5 57. N@e2 Nxe4 58. Bxe4 R@b1+ 59. N@f1 Rxf1+ 60. Rxf1 b1=Q 61. R@f2 
Qxf1+ 62. Rxf1 R@a1 63. P@f2 Rxf1+ 64. Kxf1 R@d1# 
{Blackcomb forfeits on time} 0-1

[Event "fics rated crazyhouse match"]
[Site "fics, Oklahoma City, OK USA"]
[Date "2001.02.21"]
[White "RFrancisco"]
[WhiteElo "2386"]
[Black "Blackcomb"]
[BlackElo "2210"]
[TimeControl "180+0"]
[Result "1-0"]

1. e4 e5 2. Nf3 Nc6 3. Bc4 Bc5 4. O-O Nf6 5. b4 Bxb4 6. c3 
Be7 7. d4 exd4 8. e5 O-O 9. cxd4 d5 10. exd6 cxd6 11. P@h6 gxh6 
12. Bxh6 Ng4 13. Bxf8 Qxf8 14. P@h3 Nxf2 15. Kxf2 B@e3+ 16. Kxe3 P@e5 17. Kf2 
exd4 18. Kg1 P@e3 19. P@g5 P@f2+ 20. Kh1 Bxh3 21. gxh3 P@e4 22. R@g4 P@h5 
23. N@h6+ Kh8 24. Nxf7+ Qxf7 25. Bxf7 P@g7 26. P@f6 P@g2+ 27. Rxg2 N@f5 28. fxg7+ 
Nxg7 29. B@f6 
{Blackcomb resigns} 1-0

[Event "fics rated crazyhouse match"]
[Site "fics, Oklahoma City, OK USA"]
[Date "2001.02.21"]
[White "Blackcomb"]
[WhiteElo "2206"]
[Black "RFrancisco"]
[BlackElo "2390"]
[TimeControl "180+0"]
[Result "1-0"]

1. e4 Nf6 2. e5 Ne4 3. f3 Nc5 4. d4 Ne6 5. Be3 d6 6. exd6 
exd6 7. Bb5+ Bd7 8. Bxd7+ Nxd7 9. Nh3 Be7 10. O-O O-O 11. Nc3 c5 
12. d5 B@d4 13. dxe6 Bxe3+ 14. P@f2 Bxf2+ 15. Nxf2 fxe6 16. B@h3 P@f5 17. Nce4 
fxe4 18. Bxe6+ P@f7 19. Bxd7 Qxd7 20. Nxe4 N@e3 21. Qe2 P@f5 22. Qxe3 B@d4 
23. Qxd4 cxd4 24. B@h3 fxe4 25. Bxd7 B@e3+ 26. P@f2 exf3 27. B@h3 P@e2 28. fxe3 
exf1=Q+ 29. Rxf1 N@e2+ 30. Kh1 Q@f2 31. N@h6+ gxh6 32. Q@g7+ Kxg7 33. N@h5+ Kg6 
34. N@f4+ Kg5 35. P@h4+ Qxh4 36. Nxe2 fxg2+ 37. Bxg2 Qxh5 38. B@f4+ Kg6 39. P@f5+ 
Kg7 40. N@g3 Qxh2+ 41. Kxh2 N@g4+ 42. Kh3 R@h2+ 43. Kxg4 N@e5+ 44. Bxe5+ f6 
45. N@h5+ Rxh5 46. Nxh5+ Kh8 47. Q@g7# 
{RFrancisco checkmated} 1-0

[Event "fics rated crazyhouse match"]
[Site "fics, Oklahoma City, OK USA"]
[Date "2000.02.22"]
[White "LINDEGREN"]
[WhiteElo "2308"]
[Black "spurs"]
[BlackElo "2325"]
[TimeControl "60+0"]
[Result "0-1"]

1. e4 e6 2. Nc3 d5 3. d4 dxe4 4. Nxe4 Nc6 5. Nf3 Be7 6. Bb5 
Nf6 7. Neg5 O-O 8. Bxc6 bxc6 9. Ne5 Ba6 10. P@d3 B@d5 11. N@f4 P@h6 
12. Nxd5 cxd5 13. Ngxf7 Rxf7 14. Nxf7 Kxf7 15. B@e5 Ng8 16. Bxh6 Nxh6 17. R@f3+ 
N@f5 18. P@e4 dxe4 19. dxe4 P@e2 20. Qd2 N@h4 21. Rxf5+ exf5 22. P@e6+ Kf8 
23. P@d3 N@f3+ 24. gxf3 Nxf3+ 25. Kxe2 Nxd2 26. Kxd2 Bg5+ 27. P@f4 P@f6 28. N@c6 
fxe5 29. Nxd8 Rxd8 30. N@d7+ Rxd7 31. exd7 N@f3+ 32. Ke3 B@d2+ 33. Kxf3 N@h4+ 
34. Ke2 B@f3# 
{LINDEGREN forfeits on time} 0-1

[Event "fics rated crazyhouse match"]
[Site "fics, Oklahoma City, OK USA"]
[Date "2000.02.22"]
[White "spurs"]
[WhiteElo "2333"]
[Black "LINDEGREN"]
[BlackElo "2300"]
[TimeControl "60+0"]
[Result "1-0"]

1. d4 Nf6 2. Nf3 e6 3. Bg5 d5 4. Nc3 Nc6 5. e3 Be7 6. Bb5 
O-O 7. Bxc6 bxc6 8. Bxf6 Bxf6 9. N@g4 B@e4 10. Nxf6+ Qxf6 11. B@e5 Qd8 
12. Bxg7 Kxg7 13. Nxe4 dxe4 14. P@f6+ Kg6 15. B@e7 Qe8 16. Bxf8 Qxf8 17. Nh4+ 
Kxf6 18. Qg4 P@d2+ 19. Kf1 Ba6+ 20. Kg1 N@e2+ 21. Qxe2 Bxe2 22. N@h5+ Ke7 
23. Nf4 d1=Q+ 24. Rxd1 Bxd1 25. P@f6+ Kd8 26. N@b7+ Kc8 27. R@e1 Bg4 28. Nc5 
R@d1 29. Rxd1 Bxd1 30. R@e1 B@b5 31. c4 Bxc4 32. Rxd1 R@f1+ 33. Rxf1 Bxf1 
34. B@d7+ Kd8 35. Nfxe6+ fxe6 36. Nxe6+ Kxd7 37. Nxf8# 
{LINDEGREN forfeits on time} 1-0

[Event "fics rated crazyhouse match"]
[Site "fics, Oklahoma City, OK USA"]
[Date "2000.02.22"]
[White "spurs"]
[WhiteElo "2340"]
[Black "pminear"]
[BlackElo "2473"]
[TimeControl "60+0"]
[Result "0-1"]

1. d4 Nf6 2. Nf3 e6 3. Bg5 Nc6 4. Nc3 Be7 5. e4 d5 6. Bxf6 
Bxf6 7. e5 Bg5 8. Bb5 B@h5 9. Bxc6+ bxc6 10. N@g3 Bxf3 11. Qxf3 N@h4 
12. Qe2 Nxg2+ 13. Kd1 Nf4 14. Qg4 h5 15. Qf3 B@g4 16. Qxg4 hxg4 17. B@d2 
P@g2 18. Re1 Rxh2 19. B@e3 Nh3 20. Bxg5 Nxg5 21. Bxg5 Qxg5 22. B@d2 P@f4 
23. N@e4 dxe4 24. Ngxe4 B@f3+ 25. P@e2 Bxe4 26. Nxe4 Qg6 27. N@f6+ gxf6 28. Nxf6+ 
Kd8 29. P@e7+ Kxe7 30. Bxf4 Qxc2+ 31. Kxc2 N@b4+ 32. Kb3 Q@c2+ 33. Kxb4 a5# 
{spurs resigns} 0-1

[Event "fics rated crazyhouse match"]
[Site "fics, Oklahoma City, OK USA"]
[Date "2000.02.22"]
[White "spurs"]
[WhiteElo "2335"]
[Black "XXNoWay"]
[BlackElo "2226"]
[TimeControl "60+0"]
[Result "0-1"]

1. d4 e6 2. Nf3 Nc6 3. Bg5 d5 4. Be7 Bxe7 5. e3 Nf6 6. Bb5 
O-O 7. Bxc6 bxc6 8. Nc3 Ne4 9. Nxe4 dxe4 10. Ne5 B@b5 11. N@c3 B@a5 
12. N@d2 Bxc3 13. bxc3 N@h4 14. Rg1 f6 15. Ng4 Nxg2+ 16. Rxg2 N@h4 17. Rg1 
P@e2 18. Qc1 e5 19. c4 Bxg4 20. Rxg4 N@f3+ 21. Nxf3 Nxf3+ 22. Kxe2 Bxc4+ 
23. P@d3 N@c3+ 24. Kf1 P@e2+ 25. Kg2 e1=Q 26. Rxg7+ Kxg7 27. N@f5+ Kf7 28. N@h6+ 
Ke8 29. B@h5+ Bf7 30. Nxf7 Rxf7 31. Bxf7+ Kxf7 32. R@g7+ Kf8 33. B@f7 N@h4+ 
34. Nxh4 Nxh4+ 35. Kh3 B@f5+ 36. Kxh4 Kxg7 37. P@h6+ Kxf7 38. N@h8+ Ke6 39. B@h5 
Kd7 40. N@g5 Kc8 
{spurs forfeits on time} 0-1

[Event "fics rated crazyhouse match"]
[Site "fics, Oklahoma City, OK USA"]
[Date "2000.02.22"]
[White "XXNoWay"]
[WhiteElo "2236"]
[Black "spurs"]
[BlackElo "2325"]
[TimeControl "60+0"]
[Result "1-0"]

1. e4 e6 2. Nc3 d5 3. Nf3 dxe4 4. Nxe4 Nc6 5. Ng3 Be7 6. Bb5 
Nf6 7. d3 Bd7 8. O-O O-O 9. P@h6 Ne8 10. hxg7 Nxg7 11. Bh6 Bf6 
12. P@g5 Nf5 13. gxf6 Qxf6 14. B@g5 Qg6 15. Bxc6 Bxc6 16. Nxf5 exf5 17. N@e7+ 
Kh8 18. Nxg6+ fxg6 19. Q@g7# 
{spurs checkmated} 1-0

[Event "fics rated crazyhouse match"]
[Site "fics, Oklahoma City, OK USA"]
[Date "2000.02.22"]
[White "spurs"]
[WhiteElo "2315"]
[Black "XXNoWay"]
[BlackElo "2246"]
[TimeControl "60+0"]
[Result "0-1"]

1. d4 e6 2. Nf3 Nf6 3. Bg5 Be7 4. Bxf6 Bxf6 5. e4 O-O 6. Nc3 
d5 7. Bd3 dxe4 8. Bxe4 Nc6 9. h4 Nxd4 10. Nxd4 Bxd4 11. Bxh7+ Kh8 
12. N@g5 Bxf2+ 13. Kxf2 P@e3+ 14. Kg3 B@f2+ 15. Kh3 Qxd1 16. B@f4 Q@g4+ 17. Kh2 
P@g3+ 18. Bxg3 Qxg3# 
{spurs checkmated} 0-1

[Event "fics rated crazyhouse match"]
[Site "fics, Oklahoma City, OK USA"]
[Date "2000.02.22"]
[White "XXNoWay"]
[WhiteElo "2256"]
[Black "spurs"]
[BlackElo "2305"]
[TimeControl "60+0"]
[Result "1-0"]

1. e4 Nc6 2. Nc3 e6 3. Nf3 Bb4 4. Bb5 Bxc3 5. dxc3 Nf6 6. Bg5 
d6 7. B@h4 Bd7 8. Bxf6 gxf6 9. N@g7+ Kf8 10. Nh5 Rg8 11. Bxf6 B@e7 
12. P@g7+ Ke8 13. Bxe7 Qxe7 14. B@f6 B@d8 15. Bxe7 Bxe7 16. Bxc6 Bxc6 17. N@f6+ 
Bxf6 18. Nxf6+ Ke7 19. Nxg8+ Rxg8 20. B@f6+ Kd7 21. Q@e7+ Kc8 22. R@f8+ Rxf8 
23. gxf8=Q+ B@e8 24. Qd8# 
{spurs checkmated} 1-0

[Event "fics rated crazyhouse match"]
[Site "fics, Oklahoma City, OK USA"]
[Date "2000.02.22"]
[White "spurs"]
[WhiteElo "2296"]
[Black "XXNoWay"]
[BlackElo "2265"]
[TimeControl "60+0"]
[Result "1-0"]

1. d4 e6 2. Nf3 Nf6 3. Bg5 Be7 4. Bxf6 Bxf6 5. e4 Nc6 6. Bb5 
d5 7. Bxc6+ bxc6 8. e5 Bg5 9. Nc3 B@g4 10. Nxg5 Bxd1 11. Nxf7 B@b4 
12. Rxd1 Kxf7 13. B@h5+ g6 14. B@f6 Bxc3+ 15. bxc3 N@f4 16. N@h6+ Ke8 17. P@f7+ 
Kd7 18. N@c5# 
{XXNoWay checkmated} 1-0

[Event "fics rated crazyhouse match"]
[Site "fics, Oklahoma City, OK USA"]
[Date "2000.02.22"]
[White "XXNoWay"]
[WhiteElo "2258"]
[Black "spurs"]
[BlackElo "2303"]
[TimeControl "60+0"]
[Result "1-0"]

1. e4 e6 2. Nc3 d5 3. Nf3 dxe4 4. Nxe4 Nc6 5. Ng3 Be7 6. Bb5 
Nf6 7. d3 Bd7 8. O-O Nb8 9. Bxd7+ Nbxd7 10. B@a4 B@c6 11. Bxc6 bxc6 
12. B@b7 B@d5 13. P@e4 h5 14. exd5 cxd5 15. B@c6 h4 16. Bxa8 hxg3 17. fxg3 
P@g4 18. Ne5 Kf8 19. Bxd7 Nxd7 20. Nxd7+ Qxd7 21. P@c6 B@b6+ 22. d4 Qd8 
23. N@d7+ Kg8 24. Rxf7 Kxf7 25. N@e5+ Kg8 26. P@f7+ Kh7 27. R@h5+ P@h6 28. Qxg4 
R@e1+ 29. Kf2 Bxd4+ 30. Kxe1 P@f2+ 31. Kf1 N@f8 32. P@g6+ Nxg6 33. Qxg6# 
{spurs checkmated} 1-0

[Event "fics rated crazyhouse match"]
[Site "fics, Oklahoma City, OK USA"]
[Date "2000.02.22"]
[White "spurs"]
[WhiteElo "2294"]
[Black "XXNoWay"]
[BlackElo "2267"]
[TimeControl "60+0"]
[Result "0-1"]

1. d4 e6 2. Nf3 Nf6 3. Bg5 Bb4+ 4. Nc3 Bxc3+ 5. bxc3 d5 6. Bxf6 
Qxf6 7. B@e5 Qg6 8. Bxc7 O-O 9. Be5 B@e7 10. Nh4 Bxh4 11. g3 Be7 
12. N@f4 Qf5 13. Bh3 Qe4 14. Bxg7 Qxh1+ 15. Kd2 N@e4+ 16. Ke3 N@c4+ 17. Kd3 
Nxf2# 
{spurs checkmated} 0-1

[Event "fics rated crazyhouse match"]
[Site "fics, Oklahoma City, OK USA"]
[Date "2000.02.22"]
[White "XXNoWay"]
[WhiteElo "2276"]
[Black "spurs"]
[BlackElo "2285"]
[TimeControl "60+0"]
[Result "0-1"]

1. e4 e6 2. Nc3 d5 3. Nf3 dxe4 4. Nxe4 Nc6 5. Ng3 Be7 6. Bb5 
Nf6 7. d3 Bd7 8. O-O Bd6 9. Bg5 P@e7 10. d4 h5 11. P@e5 Nxe5 
12. dxe5 Bxb5 13. exd6 exd6 14. Bxf6 Qxf6 15. B@g5 Qg6 16. N@f4 Qh7 17. Re1 
B@g4 18. Bh4 P@e7 19. N@g5 Qg8 20. Nfxe6 Bxe6 21. Nxe6 fxe6 22. B@g6+ P@f7 
23. Rxe6 fxg6 24. Rxe7+ Kf8 25. P@f7 Qh7 26. Ng5 Kxe7 27. Nxh7+ B@f6 28. Nxf6 
gxf6 29. Bxf6+ Kxf6 30. P@g5+ Kxf7 31. Q@f6+ Ke8 32. P@f7+ Kd7 33. B@e6+ Kc6 
34. Qd5+ Kb6 35. Qfd4+ Ka6 36. Qxb5+ Kxb5 37. Qc4+ Ka5 
{XXNoWay forfeits on time} 0-1

[Event "fics rated crazyhouse match"]
[Site "fics, Oklahoma City, OK USA"]
[Date "2000.02.22"]
[White "spurs"]
[WhiteElo "2293"]
[Black "XXNoWay"]
[BlackElo "2268"]
[TimeControl "60+0"]
[Result "1-0"]

1. d4 e6 2. Nf3 Nf6 3. Bg5 d5 4. Bxf6 gxf6 5. Nc3 Rg8 6. e3 
Nc6 7. Bb5 Bb4 8. Bxc6+ bxc6 9. N@h5 B@g4 10. Nxf6+ Qxf6 11. P@e5 Bxf3 
12. gxf3 N@g2+ 13. Ke2 Qxf3+ 14. Kxf3 P@e4+ 15. Ke2 B@f3+ 16. Kd2 Bxd1 17. N@f6+ 
Kd8 18. Kc1 Bxc2 19. Nxg8 P@d2+ 20. Kxc2 Q@d3+ 21. Kb3 Qc4+ 22. Kc2 Qd3+ 
23. Kb3 N@c1+ 24. Kxb4 Qc4+ 25. Ka3 Qa6+ 26. B@a4 Qxa4+ 27. Nxa4 B@f8+ 28. B@e7+ 
Bxe7+ 29. Nxe7 B@f8 30. B@f6 Bxe7+ 31. Bxe7+ Kxe7 32. B@f6+ Kf8 33. R@d8+ B@e8 
34. Q@g7# 
{XXNoWay checkmated} 1-0

[Event "fics rated crazyhouse match"]
[Site "fics, Oklahoma City, OK USA"]
[Date "2000.02.22"]
[White "XXNoWay"]
[WhiteElo "2261"]
[Black "spurs"]
[BlackElo "2300"]
[TimeControl "60+0"]
[Result "1-0"]

1. e4 e6 2. Nc3 d5 3. Nf3 dxe4 4. Nxe4 Be7 5. Ng3 Nc6 6. Bb5 
Bd7 7. d4 Nf6 8. O-O h5 9. Ng5 Ng4 10. Nxf7 Kxf7 11. P@h3 Nf6 
12. Bxc6 Bxc6 13. N@e5+ Kf8 14. Ng6+ Kg8 15. Nxh8 Kxh8 16. P@h6 gxh6 17. Bxh6 
Bxg2 18. P@g7+ Kh7 19. R@h8+ Kg6 20. Kxg2 N@h4+ 21. Kg1 P@g2 22. g8=Q+ Nxg8 
23. Qxh5+ Kf6 24. B@e5# 
{spurs checkmated} 1-0

[Event "fics rated crazyhouse match"]
[Site "fics, Oklahoma City, OK USA"]
[Date "2000.02.22"]
[White "spurs"]
[WhiteElo "2291"]
[Black "XXNoWay"]
[BlackElo "2270"]
[TimeControl "60+0"]
[Result "0-1"]

1. d4 e6 2. Nf3 Nf6 3. Bg5 Be7 4. Bxf6 Bxf6 5. e4 Nc6 6. Nc3 
d5 7. Bb5 dxe4 8. Bxc6+ bxc6 9. Nxe4 B@d5 10. Nxf6+ Qxf6 11. B@e5 Qf5 
12. Bxg7 Bxf3 13. N@f6+ Kd8 14. Bxh8 B@b4+ 15. P@c3 Bd7 16. cxb4 Bxd1 17. P@e7+ 
Kxe7 18. N@g8+ Kd8 19. B@e7+ Kc8 20. R@d8+ Kb7 21. Rxd1 Qxf2+ 22. Kxf2 P@e3+ 
23. Kxe3 N@f5+ 24. Kd3 Q@e3+ 25. Kc4 P@b5+ 26. Kc5 P@b6# 
{spurs checkmated} 0-1

[Event "fics rated crazyhouse match"]
[Site "fics, Oklahoma City, OK USA"]
[Date "2000.02.22"]
[White "XXNoWay"]
[WhiteElo "2278"]
[Black "spurs"]
[BlackElo "2283"]
[TimeControl "60+0"]
[Result "1-0"]

1. e4 e5 2. Nc3 Bc5 3. Nf3 Nf6 4. Bc4 Bxf2+ 5. Kxf2 Ng4+ 6. Kf1 
O-O 7. B@h5 d5 8. Bxd5 Be6 9. d3 Bxd5 10. Bxg4 Be6 11. P@f5 Bd7 
12. N@h5 f6 13. Nxg7 Kxg7 14. P@g5 P@f4 15. gxf6+ Qxf6 16. P@g5 Qd8 17. f6+ 
Kg8 18. Bxd7 Nxd7 19. B@e6+ P@f7 20. Bxd7 Qxd7 21. Nxe5 N@g4 22. Qxg4 Qxg4 
23. N@h6+ Kh8 24. P@g7# 
{spurs checkmated} 1-0

[Event "fics rated crazyhouse match"]
[Site "fics, Oklahoma City, OK USA"]
[Date "2000.02.22"]
[White "spurs"]
[WhiteElo "2275"]
[Black "XXNoWay"]
[BlackElo "2286"]
[TimeControl "60+0"]
[Result "1-0"]

1. d4 e6 2. Nf3 Nf6 3. Bg5 d5 4. Bxf6 gxf6 5. Nc3 Rg8 6. e3 
Nc6 7. Bb5 Bd7 8. Bxc6 bxc6 9. N@h5 B@g6 10. Nxf6+ Qxf6 11. P@e5 Bxc2 
12. Qxc2 P@d3 13. Qxd3 B@c4 14. Qd2 N@d3+ 15. Kd1 Qg6 16. N@f6+ Qxf6 17. exf6 
Rb8 18. P@e7 Nxb2+ 19. Qxb2 P@b6 20. exf8=Q+ Rxf8 21. Q@e7# 
{XXNoWay checkmated} 1-0

[Event "fics rated crazyhouse match"]
[Site "fics, Oklahoma City, OK USA"]
[Date "2000.02.22"]
[White "MrCool"]
[WhiteElo "2300"]
[Black "Musot"]
[BlackElo "2202"]
[TimeControl "180+0"]
[Result "0-1"]

1. e4 e6 2. d4 Nc6 3. Nf3 Nf6 4. Nc3 Bb4 5. Bd3 d5 6. e5 
Ne4 7. Bd2 Nxd2 8. Qxd2 B@e4 9. N@g5 Bxf3 10. Nxf3 N@e4 11. Nxe4 dxe4 
12. B@c3 Bxc3 13. bxc3 exf3 14. gxf3 N@g2+ 15. Kf1 B@h3 16. Kg1 Nh4 17. B@e4 
Bg2 18. N@f4 Qg5 19. P@g3 Qxf4 20. gxh4 Qxd2 21. Kxg2 N@f4# 
{MrCool resigns} 0-1

[Event "fics rated crazyhouse match"]
[Site "fics, Oklahoma City, OK USA"]
[Date "2000.02.22"]
[White "XXNoWay"]
[WhiteElo "2278"]
[Black "spurs"]
[BlackElo "2283"]
[TimeControl "60+0"]
[Result "0-1"]

1. e4 e6 2. Nc3 d5 3. Nf3 dxe4 4. Nxe4 Be7 5. Ng3 Nf6 6. d4 
Bd7 7. Bd3 Bc6 8. P@e5 P@e4 9. exf6 exf3 10. fxg7 Rg8 11. gxf3 Qxd4 
12. Be3 Qxb2 13. N@c4 Qxg7 14. P@h6 Qf6 15. P@g5 Qxf3 16. Qxf3 Bxf3 17. Q@c8+ 
N@d8 18. Rg1 P@c3 19. Bd4 P@d2+ 20. Kf1 P@g2+ 21. Rxg2 Bxg2+ 22. Kxg2 R@e1 
23. B@d1 Q@g1+ 24. Kh3 Nd7 25. Qxa8 Rxd1 26. Rxd1 B@g2+ 27. Kg4 Rxg5+ 28. Kf4 
Qxd1 29. R@h8+ R@g8 30. Qxd8+ Kxd8 31. N@g7 Q@g4+ 32. Ke3 Qdf3# 
{XXNoWay checkmated} 0-1

[Event "fics rated crazyhouse match"]
[Site "fics, Oklahoma City, OK USA"]
[Date "2000.02.22"]
[White "spurs"]
[WhiteElo "2291"]
[Black "XXNoWay"]
[BlackElo "2270"]
[TimeControl "60+0"]
[Result "0-1"]

1. d4 e5 2. dxe5 Nc6 3. Nf3 d6 4. exd6 Bxd6 5. Nc3 Nf6 6. Bg5 
O-O 7. Bxf6 Qxf6 8. e3 Bg4 9. P@g5 Bxf3 10. gxf6 Bxd1 11. fxg7 P@d2+ 
12. Kxd2 Kxg7 13. N@f5+ Kf6 14. Nd5+ Ke6 15. Nxd6 cxd6 16. Q@f6+ Kd7 17. B@b5 
N@e4+ 18. Kd3 N@c5+ 19. Kc4 Nxf6 20. Nxf6+ Ke6 21. Bxc6 Kxf6 22. N@d5+ Kg7 
23. P@f6+ Kg6 24. N@f4+ Kf5 25. P@g4+ Bxg4 26. Ne7+ Kxf6 27. Nfd5+ Ke5 28. f3 
Q@a6+ 29. Bb5 N@a5+ 30. Kc3 P@b4+ 31. Kd2 B@c3+ 32. Kd1 Q@d2# 
{spurs checkmated} 0-1

[Event "fics rated crazyhouse match"]
[Site "fics, Oklahoma City, OK USA"]
[Date "2000.02.22"]
[White "XXNoWay"]
[WhiteElo "2278"]
[Black "spurs"]
[BlackElo "2283"]
[TimeControl "60+0"]
[Result "0-1"]

1. e4 e6 2. Nc3 d5 3. Nf3 dxe4 4. Nxe4 Nc6 5. Ng3 Be7 6. Bb5 
Nf6 7. d3 Bd7 8. O-O a6 9. Bxc6 Bxc6 10. P@e4 B@g4 11. N@e5 h5 
12. Nxc6 bxc6 13. B@b7 Kf8 14. Bxc6 h4 15. P@h3 Bxf3 16. Qxf3 hxg3 17. fxg3 
N@e5 18. Qf2 Nxc6 19. P@g5 B@b6 20. B@e3 Bec5 21. gxf6 Bxe3 22. fxg7+ Kxg7 
23. Bxe3 Bxe3 24. Qxe3 B@d4 25. P@f6+ Kg8 26. B@f2 Bxe3 27. Bxe3 P@e2 28. N@e7+ 
Nxe7 29. fxe7 exf1=Q+ 30. Rxf1 Qxe7 31. N@f6+ Kf8 32. P@g7+ Kxg7 33. B@e5 P@e2 
34. Nd5+ Kf8 35. B@g7+ Ke8 36. Nxe7 exf1=Q+ 37. Kxf1 Q@d1+ 38. Q@e1 P@e2+ 39. Kf2 
R@f1+ 40. Qxf1 exf1=Q# 
{XXNoWay checkmated} 0-1